 Dungeon Crawl Stone Soup version 0.22-a0-246-gdc04c06 (webtiles) character file.

151 varam the Archer (level 5, 0/43 HPs)
             Began as a Centaur Hunter on Feb 22, 2018.
             Slain by an orc wizard
             ... wielding a +0 dagger
              (3 damage)
             ... on level 4 of the Dungeon.
             The game lasted 00:08:26 (2642 turns).

varam the Archer (Centaur Hunter)                   Turns: 2642, Time: 00:08:26

Health: 0/43       AC:  5    Str: 14    XL:     5   Next: 10%
Magic:  5/5        EV:  9    Int: 10    God:
Gold:   152        SH:  0    Dex: 11    Spells: 4/4 levels left

rFire    + . .     SeeInvis .   a - +1 shortbow
rCold    + . .     Gourm    .   (shield currently unavailable)
rNeg     . . .     Faith    .   c - +0 leather armour
rPois    +         Spirit   .   (helmet restricted)
rElec    +         Reflect  .   (no cloak)
rCorr    +         Harm     .   (no gloves)
MR       .....                  (no barding)
Stlth    +.........             (no amulet)
HPRegen  0.14/turn              (no ring)
MPRegen  0.09/turn              (no ring)

@: resistant, very quick
A: large, hooves 3, horns 1, rugged brown scales 1, deformed body, speed 2,
poison resistance, tough skin 3
a: no special abilities


You were on level 4 of the Dungeon.
You were hungry.

You visited 1 branch of the dungeon, and saw 4 of its levels.

You collected 152 gold pieces.

Inventory:

Hand Weapons
 a - a +1 shortbow (weapon)
 b - a +0 short sword
 s - a +0 arbalest
Missiles
 d - 90 arrows (quivered)
Armour
 c - a +0 leather armour (worn)
Jewellery
 h - a cursed ring of stealth {unknown}
Scrolls
 i - 4 scrolls of teleportation {unknown}
 j - 3 scrolls of identify {unknown}
 l - 3 scrolls of enchant weapon {unknown}
 o - a scroll of blinking {unknown}
 q - a scroll of noise {unknown}
 r - a scroll of immolation {unknown}
Potions
 n - 3 potions of magic
 p - a potion of mutation
Comestibles
 f - 6 rations


   Skills:
 + Level 2.4 Fighting
 - Level 8.0 Bows
 - Level 1.4 Dodging
 - Level 0.5 Stealth
 + Level 1.0 Unarmed Combat


You had 4 spell levels left.
You didn't know any spells.

Dungeon Overview and Level Annotations

Branches:
Dungeon (4/15)
 Temple: D:4-7

Altars:
Kikubaaqudgha

Annotations:
D:4 Grinder


Innate Abilities, Weirdness & Mutations

You have hooves in place of feet.
Armour fits poorly on your strangely shaped body.
You cover ground very quickly.
You have extremely tough skin. (AC +3)
You have a pair of small horns on your head.
You are partially covered in rugged brown scales. (AC +1, +3% HP)
Your system is resistant to poisons. (rPois)


Message History

Something hits you but does no damage.
Firing (i - inventory)
d - 93 arrows (quivered)
Press: ? - help, Shift-Dir - straight line, f/p - orc
Aim: an orc, wielding a flail and wearing a shiny ring mail (heavily wounded)
You shoot an arrow. The arrow closely misses the orc.
The arrow hits the orc.
The orc is severely wounded.
Something hits you but does no damage.
Firing (i - inventory)
d - 92 arrows (quivered)
Press: ? - help, Shift-Dir - straight line, f/p - orc
Aim: an orc, wielding a flail and wearing a shiny ring mail (heavily wounded)
You shoot an arrow. The arrow closely misses the orc.
The arrow hits the orc!
You kill the orc!
Firing (i - inventory)
d - 91 arrows (quivered)
Press: ? - help, Shift-Dir - straight line, f/p - orc
Aim: an orc, wielding a flail and wearing a shiny ring mail (heavily wounded)
You shoot an arrow.
The arrow hits the orc but does no damage.
The orc is heavily wounded.
Something hits you.
You die...

###r# ....:# ...
..#.# ###### ...
....# ... ..### #o#
.##.## #o# r#...##
#o# ......## #.#
.......############.#
......###.......@{o)#
##........###########
##.####### ###


You could see an orc.

Vanquished Creatures
  2 hounds (D:4)
  A howler monkey skeleton (D:4)
  An ooze (D:2)
  A worm (D:2)
  4 dart slugs
  2 leopard geckos (D:1)
  6 orcs
  4 giant cockroaches (D:2)
  8 goblins
  5 hobgoblins (D:1)
  3 kobolds
  4 quokkas
  5 bats
  4 frilled lizards
  9 rats
59 creatures vanquished.

Vanquished Creatures (others)
  A human (D:4)
1 creature vanquished.

Grand Total: 60 creatures vanquished

Notes
Turn   | Place    | Note
-------+----------+-------------------------------------------
     0 | D:1      | varam the Centaur Hunter began the quest for the Orb.
     0 | D:1      | Reached XP level 1. HP: 17/17 MP: 1/1
   243 | D:1      | Reached XP level 2. HP: 24/24 MP: 2/2
   273 | D:1      | Reached skill level 6 in Bows
   857 | D:2      | Reached XP level 3. HP: 27/29 MP: 3/3
  1025 | D:2      | Reached skill level 7 in Bows
  1757 | D:3      | Reached XP level 4. HP: 26/36 MP: 4/4
  2327 | D:4      | Reached skill level 8 in Bows
  2536 | D:4      | Found an ancient bone altar of Kikubaaqudgha.
  2537 | D:4      | Noticed a human
  2540 | D:4      | Killed a human
  2553 | D:4      | Noticed Grinder
  2599 | D:4      | Reached XP level 5. HP: 25/41 MP: 5/5
  2606 | D:4      | Reached skill level 1 in Unarmed Combat
  2615 | D:4      | Gained mutation: You have a pair of small horns on your head. [potion of mutation]
  2615 | D:4      | Gained mutation: Your system is resistant to poisons. (rPois) [potion of mutation]
  2615 | D:4      | Gained mutation: You are partially covered in rugged brown scales. (AC +1, +3% HP) [potion of mutation]
  2615 | D:4      | HP: 2/43 [something (4)]
  2637 | D:4      | HP: 3/43 [something (4)]
  2642 | D:4      | Slain by an orc wizard

Vault maps used:
D:1:      dpeg_arrival_solitude
D:2:      first_ration
D:4:      minmay_temple_entry_statues_fountains, tgw_kikubaaqudgha, uniq_edmund,
          uniq_grinder, uniq_ijyb

Skill      XL: |  1  2  3  4  5 |
---------------+----------------+-----
Bows           | 6 7 8 |  8.0
Unarmed Combat | 1 |  1.0
Fighting       | |  2.4
Dodging        | |  1.4
Stealth        | |  0.5

Action                   |  1- 3 |  4- 6 || total
-------------------------+-------+-------++-------
Melee: Short sword       |   102 |    27 ||   129
       Kick              |    22 |    13 ||    35
       Unarmed           |       |    23 ||    23
 Fire: Shortbow          |    33 |    22 ||    55
  Use: Potion            |       |     5 ||     5
  Eat: Chunk             |     1 |     2 ||     3
Armor: Leather armour    |    38 |    20 ||    58
Dodge: Dodged            |    55 |    26 ||    81

Table legend:
 A = Spawn XP
 B = Non-spawn XP
 C = Spawn XP percentage of total XP
 D = Spawn monster count
 E = Non-spawn monster count
 F = Spawn count percentage of total count
 G = Total turns spent on level
                    A         B        C        D         E        F      G
               +---------+---------+-------+---------+---------+-------+---------
         Total |       0 |     216 |   0.0 |       0 |      59 |   0.0 |  2642
               +---------+---------+-------+---------+---------+-------+---------
           D:1 |       0 |      37 |   0.0 |       0 |      22 |   0.0 |   851
           D:2 |       0 |      47 |   0.0 |       0 |      20 |   0.0 |   569
           D:3 |       0 |      24 |   0.0 |       0 |      10 |   0.0 |   854
           D:4 |       0 |     108 |   0.0 |       0 |       7 |   0.0 |   368
               +---------+---------+-------+---------+---------+-------+---------
